 Dungeon Crawl Stone Soup version 0.19-a0-1697-g0595f0e (webtiles) character file.

3108 Fez1169 the Grappler (level 9, -8/88 HPs)
             Began as a Troll Monk on Sept 26, 2016.
             Was a Priest of Yredelemnul.
             Mangled by a white ugly thing (17 damage)
             ... on level 9 of the Dungeon.
             The game lasted 00:21:17 (6326 turns).

Fez1169 the Grappler (Troll Monk)                   Turns: 6326, Time: 00:21:17

Health: -8/88      AC:  7    Str: 21    XL:     9   Next: 60%
Magic:  10/10      EV: 13    Int:  6    God:    Yredelemnul [***...]
Gold:   546        SH:  0    Dex: 15    Spells: 0 memorised, 8 levels left

rFire  . . .     SeeInvis .       - Unarmed
rCold  . . .     Gourm    +     a - +0 robe
rNeg   . . .     Faith    .     (no shield)
rPois  +         Spirit   .     (helmet restricted)
rElec  .         Dismiss  +     q - +0 cloak
rCorr  .         Reflect  .     (gloves unavailable)
MR     .....     Harm     .     (boots unavailable)
Stlth  ++........               E - amulet of dismissal
                                n - ring of poison resistance
                                v - ring of flight

@: no status effects
A: unfitting armour, claws 3, fast metabolism 3, gourmand, regeneration 1,
shaggy fur 1, tough skin 2
a: Recall Undead Slaves, Injury Mirror, Animate Dead, Renounce Religion, Evoke
Flight


You were on level 9 of the Dungeon.
You worshipped Yredelemnul.
Yredelemnul was most pleased with you.
You were not hungry.

You visited 2 branches of the dungeon, and saw 10 of its levels.

You collected 546 gold pieces.

Inventory:

Hand Weapons
 I - a +0 arbalest
Armour
 a - a +0 robe (worn)
 q - a +0 cloak (worn)
Jewellery
 g - an uncursed ring of magical power
 n - a ring of poison resistance (right claw)
 v - a ring of flight (left claw)
 E - an amulet of dismissal (around neck)
 H - an uncursed ring of ice
 O - an uncursed ring of see invisible {unknown}
Wands
 m - a wand of flame (27/48)
 y - a wand of slowing (27/48)
 J - a wand of iceblast (11/15)
 L - a wand of iceblast (9/15)
 S - a wand of iceblast (6/15)
Scrolls
 d - 3 scrolls of fog {unknown}
 k - 6 scrolls of remove curse {unknown}
 l - 15 scrolls of identify {unknown}
 o - a scroll of noise {unknown}
 p - a scroll of recharging {unknown}
 r - 2 scrolls of teleportation {unknown}
 t - 4 scrolls of enchant weapon {unknown}
 u - a scroll of blinking {unknown}
 w - 2 scrolls of enchant armour {unknown}
 A - 2 scrolls of magic mapping {unknown}
 D - 3 scrolls of fear {unknown}
 G - 3 scrolls of amnesia {unknown}
 R - a scroll of random uselessness {unknown}
Potions
 c - a potion of brilliance {unknown}
 e - 4 potions of invisibility {unknown}
 f - 2 potions of cancellation {unknown}
 h - 4 potions of lignification {unknown}
 j - 3 potions of curing {unknown}
 x - a potion of mutation {unknown}
 z - 3 potions of flight {unknown}
 B - 3 potions of heal wounds {unknown}
 C - a potion of agility {unknown}
 P - a potion of degeneration {unknown}
Books
 K - a book of Dreams

   Spells                             Type                      Level
   a - Ensorcelled Hibernation        Hexes/Ice                    2
   b - Silence                        Hexes/Air                    5
   c - Darkness                       Hexes                        6
   d - Shadow Creatures               Summoning                    6
 Q - a book of Burglary

   Spells                             Type                      Level
   a - Swiftness                      Charms/Air                   2
   b - Passwall                       Transmutation/Earth          2
   c - Passage of Golubria            Translocation                4
   d - Lee's Rapid Deconstruction     Earth                        5
   e - Darkness                       Hexes                        6
   f - Invisibility                   Hexes                        6
Comestibles
 b - 14 bread rations
 i - 7 meat rations
 s - 9 fruits
 F - a royal jelly
 M - 8 slices of pizza
 N - 2 beef jerkies


   Skills:
 * Level 5.0 Fighting
 + Level 5.4 Dodging
 - Level 2.7 Stealth
 + Level 9.8 Unarmed Combat
 * Level 3.6 Invocations
 - Level 0.4 Evocations


You had 8 spell levels left.
You didn't know any spells.

Dungeon Overview and Level Annotations

Branches:
Dungeon (9/15)             Temple (1/1) D:6             Orc (0/2) D:9
   Lair: D:8-11

Altars:
Ashenzari
Cheibriados
Elyvilon
Fedhas
Gozag
Hepliaklqana
Kikubaaqudgha
Nemelex Xobeh
Okawaru
Qazlal
Ru
Sif Muna
Trog
Uskayaw
Vehumet
Yredelemnul
Zin
The Shining One

Annotations:
D:8 Gastronok


Innate Abilities, Weirdness & Mutations

You are too large for most types of armour.
You have claws for hands.
Your metabolism is lightning-fast.
You like to eat raw meat.
Your natural rate of healing is unusually fast.
You are covered in fur. (AC +1)
You have very tough skin. (AC +2)


Message History

You are too injured to fight recklessly!
You are too injured to fight recklessly!
You are too injured to fight recklessly!
You are too injured to fight recklessly!
You are too injured to fight recklessly!
You are too injured to fight recklessly!
What are your orders? t - Shout!
Orders for allies: a - Attack new target. r - Retreat! s - Stop attacking. g - Guard the area. f - Follow me.
Anything else - Cancel.
Gang up on whom?
Press: ? - help, Dir - move target cursor, f - white ugly thing
Aim: a white ugly thing Attack!
The white ugly thing tail-slaps you.
* * * LOW HITPOINT WARNING * * *
The white ugly thing freezes you!
You die...
Your body rises from the dead as a mindless zombie.

#........'..##Z.##
#...####.#...Z##..
#.>.# #.####Z##.#
#...# #..ZZ....#.
#...####..Z.Z...##
#....Z.Z..#####...
#ZZ...Z...# #...
#ZZ.Z.....# #...
#@######..# #...
#u# #..# #... #.#
#[(# #..# #.# #..#
#..# #.# #..# #...
#.. .... .... ###
####


You could see a white ugly thing, 3 friendly killer bee zombies, a friendly
scorpion zombie, a friendly sky beast zombie, a friendly gnoll zombie and 2
friendly orc zombies.

Vanquished Creatures
  The ghost of Fez1169 the Skirmisher, an amateur TrMo (D:5)
  A hippogriff (D:9)
  A spriggan (D:8)
  A black bear (D:6)
  3 ice beasts
  3 sky beasts
  3 ogres
  2 bullfrogs
  4 scorpions
  11 killer bees
  A howler monkey (D:5)
  A crimson imp (D:8)
  An orc priest (D:9)
  2 hounds
  2 jellies
  2 orc wizards
  A centaur skeleton (D:9)
  An iguana (D:6)
  4 worker ants
  A hound skeleton (D:8)
  A howler monkey zombie (D:5)
  10 gnolls
  13 adders
  A shadow imp (D:5)
  An ooze (D:1)
  An adder zombie (D:5)
  A worm (D:5)
  An adder skeleton (D:6)
  2 dart slugs
  4 leopard geckos
  19 orcs
  9 giant cockroaches
  4 goblins
  9 hobgoblins
  3 jackals (D:1)
  9 kobolds
  6 quokkas
  A ball python (D:3)
  10 bats
  7 frilled lizards
  3 leopard gecko skeletons
  15 rats
176 creatures vanquished.

Vanquished Creatures (collateral kills)
  An ogre (D:7)
  2 scorpions
  A killer bee (D:9)
  A bullfrog zombie (D:9)
  An iguana (D:9)
  3 orcs (D:9)
9 creatures vanquished.

Vanquished Creatures (others)
  A bullfrog skeleton (D:9)
  A killer bee zombie (D:7)
  A hound zombie (D:7)
  A scorpion zombie (D:9)
  A gnoll zombie (D:9)
  2 orc zombies (D:9)
7 creatures vanquished.

Grand Total: 192 creatures vanquished

Notes
Turn   | Place    | Note
-------+----------+-------------------------------------------
     0 | D:1      | Fez1169 the Troll Monk began the quest for the Orb.
     0 | D:1      | Reached XP level 1. HP: 22/22 MP: 0/0
   226 | D:1      | Reached XP level 2. HP: 26/29 MP: 1/1
   628 | D:1      | Reached XP level 3. HP: 36/36 MP: 2/2
  1126 | D:2      | Reached skill level 4 in Unarmed Combat
  1188 | D:2      | Reached XP level 4. HP: 38/44 MP: 3/3
  1601 | D:3      | Reached XP level 5. HP: 48/50 MP: 4/4
  2151 | D:4      | Noticed an ogre
  2156 | D:4      | Killed an ogre
  2156 | D:4      | Reached skill level 5 in Unarmed Combat
  2156 | D:4      | Reached XP level 6. HP: 59/59 MP: 5/5
  2413 | D:5      | Entered Level 5 of the Dungeon
  2447 | D:5      | Noticed Fez1169's ghost (amateur TrMo)
  2651 | D:5      | Reached skill level 6 in Unarmed Combat
  2762 | D:5      | Killed Fez1169's ghost
  2762 | D:5      | Reached XP level 7. HP: 26/66 MP: 6/6
  2969 | D:5      | Reached skill level 7 in Unarmed Combat
  3610 | D:6      | Reached XP level 8. HP: 64/75 MP: 7/7
  3654 | D:6      | Reached skill level 8 in Unarmed Combat
  3732 | D:6      | Found a glowing silver altar of Zin.
  4037 | D:6      | Found a staircase to the Ecumenical Temple.
  4046 | Temple   | Entered the Ecumenical Temple
  4137 | Temple   | Became a worshipper of Yredelemnul the Dark
  4137 | Temple   | Reached * piety under Yredelemnul
  4137 | Temple   | Reached ** piety under Yredelemnul
  4255 | D:7      | Reached skill level 9 in Unarmed Combat
  4693 | D:7      | Reached skill level 1 in Invocations
  4949 | D:8      | Reached XP level 9. HP: 73/84 MP: 9/9
  5350 | D:8      | Noticed Gastronok
  5506 | D:8      | Reached skill level 5 in Dodging
  5735 | D:9      | Reached *** piety under Yredelemnul
  5930 | D:9      | Reached skill level 5 in Fighting
  5973 | D:9      | Found a staircase to the Orcish Mines.
  6193 | D:9      | Found a blossoming altar of Fedhas.
  6318 | D:9      | Noticed a white ugly thing
  6326 | D:9      | Mangled by a white ugly thing

Vault maps used:
D:1:      dpeg_arrival_stonehenge_8_columns, minmay_bisected
D:2:      first_bread, dk_noncrumbling_3, minmay_distorted
D:6:      basic_altar
D:8:      grunt_pizzeria, uniq_gastronok
D:9:      orc_0_dummy, st_stairs_7, fedhas_altar_3
Temple:   kilobyte_greek_temple

Skill      XL: |  1  2  3  4  5  6  7  8  9 |
---------------+----------------------------+-----
Unarmed Combat | 4 5 6 7 9 |  9.8
Dodging        | 3 4 5 |  5.4
Stealth        | 2 |  2.7
Fighting       | 3 5 |  5.0
Invocations    | 1 3 |  3.6
Evocations     | |  0.4

Action                   |  1- 3 |  4- 6 |  7- 9 || total
-------------------------+-------+-------+-------++-------
Melee: Unarmed           |   120 |   147 |   264 ||   531
       Punch             |       |     3 |    11 ||    14
Invok: Animate Remains   |       |       |    10 ||    10
       Animate Dead      |       |       |     6 ||     6
 Abil: Evoke Flight      |       |       |     1 ||     1
Evoke: Wand              |       |     1 |       ||     1
 Stab: Distracted        |     1 |       |     2 ||     3
       Sleeping          |     2 |     2 |     8 ||    12
  Eat: Chunk             |    14 |    14 |    30 ||    58
       Pizza             |       |       |     1 ||     1
Armor: Robe              |    43 |    43 |    63 ||   149
Dodge: Dodged            |    74 |    68 |   127 ||   269
